[Event "ICC tourney 3149 (60 10)"]
[Site "Internet Chess Club"]
[Date "2023.03.18"]
[Round "1"]
[White "KOGAN, NIKITA:K09-17190210"]
[Black "Chiappetta, Graydon:loopy"]
[Result "1-0"]
[ICCResult "Black resigns"]
[WhiteElo "1182"]
[BlackElo "760"]
[Opening "Scotch gambit: Benima defense"]
[ECO "C50"]
[NIC "IG.03"]
[Time "11:05:22"]
[PlyCount "125"]
[TimeControl "3600+10"]

1. e4 e5 2. Nf3 Nc6 3. Bc4 Be7 4. d4 exd4 5. Nxd4 Nf6 6. Nc3 O-O 7. O-O Bc5
8. Be3 Bb6 9. Nxc6 bxc6 10. a4 Bxe3 11. fxe3 d6 12. Qe1 Ng4 13. Rd1 Qg5 14.
Rf3 Qh6 15. Qg3 Rb8 16. Rdf1 Rxb2 17. Bxf7+ Kh8 18. Bb3 Rxf3 19. Rxf3 g6 20.
Qf4 Qxf4 21. Rxf4 Nxe3 22. Rf8+ Kg7 23. Rxc8 Nxc2 24. Rxc7+ Kh6 25. Bg8 Nd4
26. Rxh7+ Kg5 27. Rxa7 Rc2 28. Na2 Ne2+ 29. Kf1 Nf4 30. g3 Nh3 31. a5 Rxh2
32. a6 Rf2+ 33. Ke1 Rf8 34. Be6 Rb8 35. Bxh3 Rb1+ 36. Ke2 Rb2+ 37. Ke3 Rxa2
38. Ra8 Ra3+ 39. Kf2 Ra2+ 40. Kf3 Ra3+ 41. Kg2 Ra2+ 42. Kg1 Ra1+ 43. Bf1 Ra3
44. Kf2 Ra2+ 45. Be2 d5 46. exd5 cxd5 47. Rd8 Ra5 48. Rd7 Kf6 49. a7 Ke6 50.
Rg7 Kf6 51. Rb7 d4 52. Rb6+ Kg5 53. Ra6 Rf5+ 54. Kg2 Rf8 55. a8=Q Rxa8 56.
Rxa8 Kf5 57. Rd8 Ke4 58. Bf3+ Ke3 59. Rd6 d3 60. Rxg6 d2 61. Rd6 d1=Q 62.
Bxd1 Ke4 63. g4 {Black resigns} 1-0

[Event "ICC tourney 3149 (60 10)"]
[Site "Internet Chess Club"]
[Date "2023.03.18"]
[Round "1"]
[White "LIN, LEIA:K05-17110828"]
[Black "Zhuge, Alexandra:MonkeyTree"]
[Result "1-0"]
[ICCResult "Black checkmated"]
[WhiteElo "1341"]
[BlackElo "897"]
[Opening "Ruy Lopez: closed defense"]
[ECO "C84"]
[NIC "RL.13"]
[Time "11:00:37"]
[PlyCount "55"]
[TimeControl "3600+10"]

1. e4 e5 2. Nf3 Nc6 3. Bb5 a6 4. Ba4 Nf6 5. O-O Be7 6. d3 b5 7. Bb3 Na5 8.
Nxe5 Nxb3 9. axb3 O-O 10. Be3 d6 11. Nc6 Qd7 12. Nxe7+ Qxe7 13. h3 d5 14.
exd5 Nxd5 15. Re1 Re8 16. Nd2 Nxe3 17. Rxe3 Qd8 18. Qe2 Bb7 19. Re1 Bc6 20.
Re7 h6 21. Qe5 Rxe7 22. Qxe7 Qb8 23. Ne4 a5 24. Re3 a4 25. Nf6+ gxf6 26.
Rg3+ Kh8 27. Qxf6+ Kh7 28. Qg7# {Black checkmated} 1-0

[Event "ICC tourney 3149 (60 10)"]
[Site "Internet Chess Club"]
[Date "2023.03.18"]
[Round "1"]
[White "Bolme, Thomas Bradley:ThomasBradley75"]
[Black "WESLEY, GEORGE:Maglars"]
[Result "0-1"]
[ICCResult "White resigns"]
[WhiteElo "632"]
[BlackElo "1046"]
[Opening "Queen's pawn, Mason variation"]
[ECO "D00"]
[NIC "QP.08"]
[Time "11:00:11"]
[PlyCount "106"]
[TimeControl "3600+10"]

1. d4 d5 2. Bf4 Nf6 3. e3 g6 4. Nf3 Bg7 5. Nbd2 O-O 6. Bd3 Nbd7 7. O-O c5 8.
c3 Re8 9. a3 Nh5 10. Be5 Nxe5 11. dxe5 Bh8 12. Bb5 Rf8 13. b4 c4 14. e4 Ng7
15. Ng5 Ne6 16. Ndf3 h6 17. exd5 Nxg5 18. Nxg5 hxg5 19. Bxc4 Bxe5 20. Rc1
Qc7 21. g3 Qxc4 22. Re1 Rd8 23. Rxe5 f6 24. Re2 Rxd5 25. Rd2 Rxd2 26. Qxd2
Bh3 27. Qe3 Qc6 28. f3 Kf7 29. c4 a6 30. c5 Rd8 31. Qb3+ Kg7 32. Rd1 Rxd1+
33. Qxd1 g4 34. Kf2 Qxf3+ 35. Qxf3 gxf3 36. Kxf3 Bd7 37. a4 Bxa4 38. Ke4 e6
39. Kd4 Kf7 40. Ke3 Ke7 41. Kd4 Kd7 42. Ke3 Kc6 43. Kd4 Kb5 44. Kc3 e5 45.
h4 e4 46. g4 e3 47. Kd3 Kxb4 48. Kxe3 Kxc5 49. h5 gxh5 50. gxh5 Bc2 51. Kd2
Bh7 52. h6 a5 53. Kc3 f5 {White resigns} 0-1

[Event "ICC tourney 3149 (60 10)"]
[Site "Internet Chess Club"]
[Date "2023.03.18"]
[Round "2"]
[White "Garrow, Joshua:jgarrow4924"]
[Black "THAYYIL, SUHAAN:suhaan"]
[Result "1-0"]
[ICCResult "Black checkmated"]
[WhiteElo "1079"]
[BlackElo "366"]
[Opening "Giuoco Pianissimo: Canal variation"]
[ECO "C55"]
[NIC "IG.01"]
[Time "14:00:18"]
[PlyCount "53"]
[TimeControl "3600+10"]

1. e4 e5 2. Nf3 Nc6 3. Bc4 Nf6 4. Nc3 Bc5 5. d3 d6 6. Bg5 h6 7. Bxf6 Qxf6 8.
Nd5 Qd8 9. c3 Bg4 10. h3 Bxf3 11. Qxf3 O-O 12. a4 Na5 13. Ba2 c6 14. Ne3
Bxe3 15. fxe3 b6 16. O-O Qc7 17. Qh5 d5 18. exd5 cxd5 19. Bxd5 Rad8 20. e4
Rd7 21. Rf3 Qc5+ 22. Kh1 Qc7 23. Raf1 Nb7 24. Rf6 Nd8 25. Rxh6 g6 26. Rh8+
Kg7 27. Qh6# {Black checkmated} 1-0

[Event "ICC tourney 3149 (60 10)"]
[Site "Internet Chess Club"]
[Date "2023.03.18"]
[Round "2"]
[White "BHOSALE, ARNAV:avbhosale"]
[Black "KOGAN, NIKITA:lingin06"]
[Result "1-0"]
[ICCResult "Black checkmated"]
[WhiteElo "914"]
[BlackElo "1182"]
[Opening "French: exchange variation"]
[ECO "C01"]
[NIC "FR.01"]
[Time "14:04:58"]
[PlyCount "87"]
[TimeControl "3600+10"]

1. e4 e6 2. d4 d5 3. exd5 exd5 4. c4 c6 5. Nc3 Nf6 6. Bg5 Be7 7. Nf3 O-O 8.
cxd5 cxd5 9. Be2 Nc6 10. O-O Bg4 11. h3 Bh5 12. Be3 Bd6 13. Re1 Ne7 14. Bg5
Ne4 15. Bxe7 Bxe7 16. Nd2 Nxf2 17. Kxf2 Bh4+ 18. g3 Qf6+ 19. Nf3 Bxg3+ 20.
Kxg3 Rae8 21. Qd2 Qd6+ 22. Kg2 Re6 23. Ne5 Bg6 24. Bf3 Be4 25. Nxe4 dxe4 26.
Bxe4 Rxe5 27. Bxh7+ Kxh7 28. Rxe5 Rd8 29. Rd1 Qg6+ 30. Kh1 Rc8 31. Qd3 Qxd3
32. Rxd3 Rc1+ 33. Kg2 Rc2+ 34. Kg3 Rxb2 35. Rb3 Rd2 36. Rxb7 Rxd4 37. Rxf7
Ra4 38. Ree7 Rxa2 39. Rxg7+ Kh6 40. Rxa7 Rb2 41. Rg4 Rb3+ 42. Kh4 Rb7 43.
Ra5 Rh7 44. Rh5# {Black checkmated} 1-0

[Event "ICC tourney 3149 (60 10)"]
[Site "Internet Chess Club"]
[Date "2023.03.18"]
[Round "2"]
[White "ENGTRO, GEIR:Gengeng"]
[Black "ZENG, CALEB:calebzeng"]
[Result "0-1"]
[ICCResult "White checkmated"]
[WhiteElo "850"]
[BlackElo "999"]
[Opening "Grünfeld: 5.Bg5"]
[ECO "D91"]
[NIC "GI.08"]
[Time "14:00:35"]
[PlyCount "108"]
[TimeControl "3600+10"]

1. d4 Nf6 2. c4 g6 3. Nf3 d5 4. Nc3 Bg7 5. Bg5 e6 6. e3 O-O 7. Be2 dxc4 8.
Bxc4 c5 9. dxc5 Qa5 10. O-O Qxc5 11. Bb3 Nc6 12. Qc2 b6 13. Rfd1 Ba6 14. Ne4
Nxe4 15. Qxe4 Bxb2 16. Rab1 Ne5 17. Bh6 Nxf3+ 18. Qxf3 Bg7 19. Bg5 Qxg5 20.
Rd7 Bb5 21. Rd2 Rad8 22. Rbd1 Rxd2 23. Rxd2 Rd8 24. Rc2 Qf5 25. h3 Qxf3 26.
gxf3 Bf6 27. Kg2 Kg7 28. f4 Rd7 29. Kf3 e5 30. a4 Bd3 31. Rc6 exf4 32. Kxf4
Bf5 33. Kg3 Be5+ 34. Kg2 Be4+ 35. Kf1 Bxc6 36. Ke2 b5 37. axb5 Bxb5+ 38. Kf3
a5 39. Ke4 Bc3 40. f4 Be2 41. f5 gxf5+ 42. Kxf5 Bd3+ 43. Kf4 Rb7 44. Bd1
Rb4+ 45. Kf3 a4 46. e4 Bxe4+ 47. Ke3 a3 48. h4 a2 49. h5 a1=Q 50. h6+ Kxh6
51. Bf3 Bxf3 52. Kxf3 Qf1+ 53. Ke3 Qf4+ 54. Kd3 Qd2# {White checkmated} 0-1

[Event "ICC tourney 3149 (60 10)"]
[Site "Internet Chess Club"]
[Date "2023.03.18"]
[Round "2"]
[White "WESLEY, GEORGE:Maglars"]
[Black "LIN, LEIA:K05-17110828"]
[Result "0-1"]
[ICCResult "White resigns"]
[WhiteElo "1046"]
[BlackElo "1341"]
[Opening "English opening"]
[ECO "A17"]
[NIC "EO.64"]
[Time "14:00:15"]
[PlyCount "72"]
[TimeControl "3600+10"]

1. c4 Nf6 2. Nc3 e6 3. e3 d5 4. cxd5 exd5 5. g3 Be6 6. Bg2 Be7 7. Nf3 Nc6 8.
O-O O-O 9. b3 Qd7 10. Ng5 Bf5 11. d4 h6 12. Nf3 Bg4 13. Ne2 Ne4 14. Bb2 Qf5
15. Nd2 Ng5 16. f3 Bh3 17. g4 Qe6 18. e4 Bxg2 19. exd5 Qxd5 20. Nf4 Nh3+ 21.
Kxg2 Nxf4+ 22. Kh1 Rad8 23. Ne4 Nxd4 24. Bxd4 Qxd4 25. Qc2 c6 26. Rad1 Qe3
27. Rde1 Qd3 28. Qc1 Ng6 29. Rd1 Qb5 30. Rde1 Bg5 31. Nxg5 Qxg5 32. Qc3 Qd2
33. Qa1 Nf4 34. Rg1 Rfe8 35. Rd1 Qe2 36. Rde1 Qxf3+ {White resigns} 0-1

[Event "ICC tourney 3149 (60 10)"]
[Site "Internet Chess Club"]
[Date "2023.03.18"]
[Round "3"]
[White "Bolme, Thomas Bradley:ThomasBradley75"]
[Black "Chiappetta, Graydon:loopy"]
[Result "0-1"]
[ICCResult "White checkmated"]
[WhiteElo "632"]
[BlackElo "760"]
[Opening "Queen's pawn"]
[ECO "A40"]
[NIC "QO.17"]
[Time "17:00:11"]
[PlyCount "128"]
[TimeControl "3600+10"]

1. d4 e6 2. Bf4 d6 3. e3 Be7 4. Nf3 Nf6 5. Nbd2 O-O 6. Bd3 a6 7. O-O b5 8.
c3 d5 9. Qc2 Nbd7 10. Ng5 g6 11. h3 Nh5 12. Bh2 Bxg5 13. Nf3 Bh6 14. Ne5
Nxe5 15. Bxe5 f6 16. Bxg6 hxg6 17. Qxg6+ Bg7 18. Qxh5 fxe5 19. dxe5 Qe8 20.
Qg5 Rf5 21. Qg3 Rxe5 22. f4 Rh5 23. Rf3 Bb7 24. Qg4 Qf7 25. Rg3 Rf8 26. Rf1
Rf5 27. Rf2 e5 28. a3 exf4 29. exf4 Bc8 30. Rgf3 Rf6 31. Qg3 Rg6 32. Qh4 c5
33. f5 Rh6 34. Qg5 Rh5 35. Qg6 Qxg6 36. fxg6 Rhf5 37. h4 Rxf3 38. Rxf3 Rxf3
39. gxf3 Bf5 40. h5 d4 41. cxd4 cxd4 42. Kf2 d3 43. Ke1 Kf8 44. Kd2 Ke7 45.
b3 Ke6 46. a4 bxa4 47. bxa4 Kd5 48. a5 Kc5 49. f4 Kb5 50. h6 Bxh6 51. g7
Bxg7 52. Ke3 Kxa5 53. Kd2 Kb4 54. Ke3 a5 55. Kd2 a4 56. Ke3 a3 57. Kd2 a2
58. Ke3 a1=Q 59. Kd2 Bc3+ 60. Ke3 Qe1+ 61. Kf3 d2 62. Kg2 d1=Q 63. Kh2 Qh1+
64. Kg3 Be1# {White checkmated} 0-1

[Event "ICC tourney 3149 (60 10)"]
[Site "Internet Chess Club"]
[Date "2023.03.18"]
[Round "3"]
[White "THAYYIL, SUHAAN:suhaan"]
[Black "WESLEY, GEORGE:Maglars"]
[Result "0-1"]
[ICCResult "White checkmated"]
[WhiteElo "366"]
[BlackElo "1046"]
[Opening "Scandinavian (center counter) defense"]
[ECO "B01"]
[NIC "VO.17"]
[Time "17:00:13"]
[PlyCount "64"]
[TimeControl "3600+10"]

1. e4 d5 2. d3 d4 3. e5 Bf5 4. Nf3 e6 5. Bg5 Be7 6. Bxe7 Nxe7 7. Na3 O-O 8.
Nb5 Nbc6 9. c3 dxc3 10. Nxc3 Qd7 11. d4 Nd5 12. Nxd5 exd5 13. Bd3 Bg4 14. h3
Bxf3 15. Qxf3 Nxd4 16. Qh5 g6 17. Qh6 Rfe8 18. Qe3 c5 19. O-O Re6 20. Rfe1
Rae8 21. f4 f6 22. f5 Rxe5 23. Qg3 Nxf5 24. Qg4 Rxe1+ 25. Rxe1 Rxe1+ 26. Kh2
Kf7 27. Bxf5 Qxf5 28. Qh4 Kg7 29. g4 Qf4+ 30. Kg2 Re2+ 31. Kg1 Qc1+ 32. Qe1
Qxe1# {White checkmated} 0-1

[Event "ICC tourney 3149 (60 10)"]
[Site "Internet Chess Club"]
[Date "2023.03.18"]
[Round "3"]
[White "Zhuge, Alexandra:MonkeyTree"]
[Black "WILSON, DARRYL J:Combo4U2"]
[Result "0-1"]
[ICCResult "White checkmated"]
[WhiteElo "897"]
[BlackElo "1252"]
[Opening "Philidor's defense"]
[ECO "C41"]
[NIC "KP.10"]
[Time "17:00:11"]
[PlyCount "110"]
[TimeControl "3600+10"]

1. e4 e5 2. Nf3 d6 3. Bc4 Qf6 4. O-O Nc6 5. h3 Nge7 6. Nc3 h6 7. d3 g5 8.
Nh2 Bg7 9. Ng4 Bxg4 10. Qxg4 O-O 11. Qh5 Kh7 12. Re1 Qg6 13. Qxg6+ fxg6 14.
Nb5 Nd4 15. Nxd4 exd4 16. c3 dxc3 17. b3 c2 18. Ba3 Bxa1 19. Rxa1 Nc6 20.
Bb2 Nb4 21. a3 Nc6 22. Rc1 Ne5 23. Rxc2 Nxc4 24. Rxc4 c5 25. d4 b5 26. Rc2
Rac8 27. Rd2 cxd4 28. Rxd4 Rc2 29. Rxd6 Rxb2 30. Rd7+ Kg8 31. e5 Rfxf2 32.
e6 Rxg2+ 33. Kf1 Rge2 34. Rd1 Rxe6 35. Rd8+ Kf7 36. Rd7+ Re7 37. Rd1 Rxb3
38. Rc1 Rxa3 39. Rb1 Rb7 40. Kg2 a6 41. Rf1+ Kg7 42. Re1 a5 43. Rd1 a4 44.
Re1 b4 45. Rd1 b3 46. Rd2 Ra2 47. Rxa2 bxa2 48. Kf3 a1=Q 49. Ke4 Re7+ 50.
Kf3 Qc3+ 51. Kf2 Qe3+ 52. Kg2 Rf7 53. Kh2 Rf2+ 54. Kh1 Qxh3+ 55. Kg1 Qg2#
{White checkmated}
0-1

[Event "ICC tourney 3149 (60 10)"]
[Site "Internet Chess Club"]
[Date "2023.03.18"]
[Round "3"]
[White "LIN, LEIA:K05-17110828"]
[Black "BHOSALE, ARNAV:avbhosale"]
[Result "1-0"]
[ICCResult "Black checkmated"]
[WhiteElo "1341"]
[BlackElo "914"]
[Opening "Sicilian: Labourdonnais-Löwenthal variation"]
[ECO "B32"]
[NIC "SI.32"]
[Time "17:00:05"]
[PlyCount "121"]
[TimeControl "3600+10"]

1. e4 c5 2. Nf3 Nc6 3. d4 cxd4 4. Nxd4 e5 5. Nf3 Nf6 6. Nc3 Bb4 7. Bd3 O-O
8. Bd2 Re8 9. O-O Bxc3 10. Bxc3 d5 11. exd5 Nxd5 12. Re1 Nxc3 13. bxc3 Bg4
14. h3 Bh5 15. Be4 Qxd1 16. Raxd1 Bxf3 17. Bxf3 Rac8 18. Rd7 Na5 19. Bxb7
Nxb7 20. Rxb7 Rxc3 21. Rxe5 Rec8 22. Rxa7 Rxc2 23. Ree7 Rf8 24. Rec7 Rxc7
25. Rxc7 Ra8 26. Rc1 g6 27. Ra1 Kg7 28. a4 Kf6 29. a5 Ra6 30. Kf1 Ke6 31.
Ke2 Kd6 32. Kd3 Kc5 33. Kc3 Kb5 34. Kd4 f6 35. Kd5 Kb4 36. Kd4 Kb3 37. Kc5
Kb2 38. Ra4 Kb3 39. Kb5 Ra8 40. a6 Rb8+ 41. Ka5 f5 42. Rd4 Kc3 43. Rd7 h6
44. Rb7 Rg8 45. a7 Ra8 46. Kb6 Kd2 47. Rb8 Rxa7 48. Kxa7 Ke2 49. Rb2+ Kf1
50. g3 Kg2 51. h4 g5 52. hxg5 hxg5 53. Kb6 f4 54. gxf4 gxf4 55. Kc5 Kf1 56.
Kd4 Kg2 57. Ke4 f3 58. Ke3 Kf1 59. Kxf3 Kg1 60. Kg3 Kh1 61. Rb1#
{Black checkmated}
1-0

[Event "ICC tourney 3149 (60 10)"]
[Site "Internet Chess Club"]
[Date "2023.03.18"]
[Round "3"]
[White "ZENG, CALEB:calebzeng"]
[Black "Garrow, Joshua:jgarrow4924"]
[Result "0-1"]
[ICCResult "White checkmated"]
[WhiteElo "999"]
[BlackElo "1079"]
[Opening "Sicilian: Nimzovich-Rossolimo attack (without ...d6)"]
[ECO "B30"]
[NIC "SI.31"]
[Time "17:03:24"]
[PlyCount "74"]
[TimeControl "3600+10"]

1. e4 c5 2. Nf3 Nc6 3. Bb5 e6 4. O-O Nge7 5. Re1 a6 6. Bxc6 Nxc6 7. e5 Be7
8. d3 O-O 9. a4 d5 10. exd6 Bxd6 11. b3 Qf6 12. Ra2 Ne5 13. Nbd2 Bd7 14. Bb2
Nxf3+ 15. Nxf3 Qf4 16. Re4 Qf5 17. Nh4 Qd5 18. c4 Qc6 19. Qh5 f6 20. Rg4 Be8
21. Qh6 Qc7 22. Bxf6 Bg6 23. Bxg7 Qxg7 24. Qe3 Rf6 25. Re2 Raf8 26. Qh3 Rxf2
27. Re1 Qf6 28. Nf3 Rb2 29. Rg5 Bf4 30. Rxe6 Rb1+ 31. Kf2 Qb2+ 32. Re2 Qa1
33. Rxg6+ hxg6 34. g3 Bb8 35. Re7 Rxf3+ 36. Kxf3 Qf6+ 37. Kg2 Qf1#
{White checkmated}
0-1

[Event "ICC tourney 3149 (60 10)"]
[Site "Internet Chess Club"]
[Date "2023.03.19"]
[Round "4"]
[White "Chiappetta, Graydon:loopy"]
[Black "Hansen, Justin:fencer04"]
[Result "1-0"]
[ICCResult "Black resigns"]
[WhiteElo "760"]
[BlackElo "911"]
[Opening "Inverted Hungarian"]
[ECO "C44"]
[NIC "KP.10"]
[Time "11:01:27"]
[PlyCount "83"]
[TimeControl "3600+10"]

1. e4 e5 2. Nf3 Nc6 3. Be2 Bc5 4. O-O d6 5. c3 Nf6 6. d3 O-O 7. b4 Bb6 8. a4
a6 9. Bd2 d5 10. exd5 Nxd5 11. Na3 Ba7 12. Nc4 b5 13. axb5 axb5 14. Ncxe5
Bb7 15. Ng4 h6 16. Nxh6+ gxh6 17. Bxh6 Re8 18. Bd2 Ne5 19. Nxe5 Rxe5 20. d4
Rf5 21. Bd3 Rf6 22. Qg4+ Kf8 23. Bg5 Bc8 24. Bxf6 Nxf6 25. Qg3 Bb8 26. Rxa8
Bb7 27. Raa1 c6 28. Qh4 Ke7 29. Rfe1+ Kd7 30. Bf5+ Kc7 31. Qg3+ Kb6 32. Qe3
Nd5 33. Qd3 Qd6 34. g3 f6 35. Re6 Qd8 36. Rb1 Qg8 37. c4 Nf4 38. c5+ Kc7 39.
Re7+ Kd8 40. Rd7+ Ke8 41. Qe3+ Kf8 42. Rd8+ {Black resigns} 1-0

[Event "ICC tourney 3149 (60 10)"]
[Site "Internet Chess Club"]
[Date "2023.03.19"]
[Round "4"]
[White "Garrow, Joshua:jgarrow4924"]
[Black "LIN, LEIA:K05-17110828"]
[Result "0-1"]
[ICCResult "White resigns"]
[WhiteElo "1079"]
[BlackElo "1341"]
[Opening "Sicilian: Smith-Morra gambit"]
[ECO "B21"]
[NIC "SI.48"]
[Time "11:04:56"]
[PlyCount "56"]
[TimeControl "3600+10"]

1. e4 c5 2. d4 cxd4 3. c3 dxc3 4. Nxc3 Nc6 5. Nf3 d6 6. Bc4 Nf6 7. e5 dxe5
8. Qxd8+ Nxd8 9. Nxe5 e6 10. Bb5+ Bd7 11. Nxd7 Nxd7 12. Bxd7+ Kxd7 13. Bf4
Bb4 14. O-O-O+ Ke7 15. Ne4 Nc6 16. Nd6 e5 17. Bg5+ f6 18. Nf5+ Kf7 19. Bd2
Bc5 20. Be3 Bxe3+ 21. fxe3 b6 22. e4 Rhd8 23. Kc2 Nb4+ 24. Kc3 a5 25. a3
Rac8+ 26. Kb3 Nd3 27. Ne3 Nc5+ 28. Ka2 Nxe4 {White resigns} 0-1

[Event "ICC tourney 3149 (60 10)"]
[Site "Internet Chess Club"]
[Date "2023.03.19"]
[Round "4"]
[White "THAYYIL, SUHAAN:suhaan"]
[Black "Zhuge, Alexandra:MonkeyTree"]
[Result "1/2-1/2"]
[ICCResult "Game drawn by repetition"]
[WhiteElo "366"]
[BlackElo "897"]
[Opening "Ruy Lopez: exchange variation"]
[ECO "C68"]
[NIC "RL.08"]
[Time "11:00:57"]
[PlyCount "83"]
[TimeControl "3600+10"]

1. e4 e5 2. Nf3 Nc6 3. Bb5 a6 4. Bxc6 dxc6 5. Nxe5 Qd4 6. Nf3 Qxe4+ 7. Qe2
Qxe2+ 8. Kxe2 Bc5 9. Ke1 Nf6 10. Nc3 O-O 11. d4 Bd6 12. Bg5 Nd5 13. Nxd5
cxd5 14. c3 c5 15. Rd1 h6 16. Bh4 Bg4 17. h3 Bh5 18. dxc5 Bxc5 19. Rxd5 Bxf3
20. gxf3 Ba7 21. Be7 Rfe8 22. Re5 f6 23. Re4 Rac8 24. Kf1 Kf7 25. Ba3 Rxe4
26. fxe4 Re8 27. f3 Rd8 28. Kg2 Rd2+ 29. Kg3 Bb8+ 30. f4 Rd3+ 31. Kg4 Re3
32. Rd1 Kg6 33. f5+ Kh7 34. Rd4 Rg3+ 35. Kh4 g5+ 36. Kh5 Rxh3+ 37. Kg4 Rg3+
38. Kh5 Rh3+ 39. Kg4 Rg3+ 40. Kh5 Rh3+ 41. Kg4 Rg3+ 42. Kh5
{Game drawn by repetition}
1/2-1/2

[Event "ICC tourney 3149 (60 10)"]
[Site "Internet Chess Club"]
[Date "2023.03.19"]
[Round "4"]
[White "WILSON, DARRYL J:Combo4U2"]
[Black "ENGTRO, GEIR:Gengeng"]
[Result "1-0"]
[ICCResult "Black checkmated"]
[WhiteElo "1252"]
[BlackElo "850"]
[Opening "Sicilian: Alapin's variation (2.c3)"]
[ECO "B22"]
[NIC "SI.46"]
[Time "11:29:32"]
[PlyCount "77"]
[TimeControl "3600+10"]

1. e4 c5 2. c3 e5 3. Qc2 Nc6 4. d3 Nf6 5. Nf3 d5 6. Nbd2 Bg4 7. Be2 d4 8.
O-O Be7 9. Nc4 O-O 10. Nfxe5 Bxe2 11. Qxe2 Nxe5 12. Nxe5 Re8 13. Nc4 b5 14.
Nd2 b4 15. cxb4 cxb4 16. b3 Rc8 17. Nc4 Rc5 18. Bb2 Nd7 19. a3 a5 20. axb4
axb4 21. Ra4 Rc6 22. Bxd4 Nf6 23. Bb2 Nd7 24. h3 Nb6 25. Ra6 Bc5 26. Na5 Qc8
27. d4 Bf8 28. Nxc6 Qxc6 29. Rfa1 Rxe4 30. Qf3 f5 31. Qxf5 g6 32. Qa5 Qc2
33. Rxb6 Qxb2 34. Qd5+ Kg7 35. Rd1 Re2 36. Rf1 Rd2 37. Rb7+ Kh6 38. h4 Rxf2
39. Qg5# {Black checkmated} 1-0

[Event "ICC tourney 3149 (60 10)"]
[Site "Internet Chess Club"]
[Date "2023.03.19"]
[Round "4"]
[White "BHOSALE, ARNAV:avbhosale"]
[Black "ZENG, CALEB:calebzeng"]
[Result "1-0"]
[ICCResult "Black resigns"]
[WhiteElo "914"]
[BlackElo "999"]
[Opening "Giuoco Piano: Anderssen variation"]
[ECO "C54"]
[NIC "IG.02"]
[Time "11:29:22"]
[PlyCount "97"]
[TimeControl "3600+10"]

1. e4 e5 2. Nf3 Nc6 3. Bc4 Bc5 4. c3 Nf6 5. d4 exd4 6. e5 d5 7. Bb5 Ne4 8.
cxd4 Bb4+ 9. Bd2 Bd7 10. O-O Nxd2 11. Nbxd2 O-O 12. h3 a6 13. Bd3 Re8 14. a3
Ba5 15. Qc2 h6 16. Nb3 Bb6 17. Nc5 Bc8 18. Rfe1 Qe7 19. Rac1 Nd8 20. Kf1 Ne6
21. Nxe6 Bxe6 22. Bf5 Rac8 23. Bxe6 fxe6 24. b4 a5 25. Qa4 Ra8 26. Qb5 axb4
27. axb4 Ra2 28. Re2 Rea8 29. Rce1 Rxe2 30. Rxe2 Qf7 31. Qd3 Ra1+ 32. Re1
Rxe1+ 33. Kxe1 Qf5 34. Qxf5 exf5 35. Kd2 Kf7 36. Kd3 g5 37. g4 Ke6 38. Nd2
c6 39. Nb3 f4 40. f3 Ba7 41. Nc5+ Bxc5 42. bxc5 Kd7 43. Kc3 Kc7 44. Kb4 Kd8
45. Ka5 Kc7 46. e6 b5 47. cxb6+ Kd6 48. b7 c5 49. b8=Q+ {Black resigns} 1-0

[Event "ICC tourney 3149 (60 10)"]
[Site "Internet Chess Club"]
[Date "2023.03.19"]
[Round "5"]
[White "Hansen, Justin:fencer04"]
[Black "THAYYIL, SUHAAN:suhaan"]
[Result "1-0"]
[ICCResult "Black checkmated"]
[WhiteElo "911"]
[BlackElo "366"]
[Opening "Vienna gambit"]
[ECO "C29"]
[NIC "VG.04"]
[Time "14:00:19"]
[PlyCount "49"]
[TimeControl "3600+10"]

1. e4 e5 2. Nc3 Nf6 3. f4 exf4 4. e5 Ng4 5. Qxg4 g5 6. d4 Bb4 7. Ne2 Bxc3+
8. Nxc3 Nc6 9. g3 d6 10. Qf3 dxe5 11. Qe4 Be6 12. Bb5 Qd7 13. Bd2 exd4 14.
Bxc6 bxc6 15. Ne2 O-O-O 16. O-O-O Bd5 17. Qd3 Bxh1 18. Qa6+ Kb8 19. Rxh1 Qd5
20. Rd1 d3 21. Nc3 Qd4 22. gxf4 dxc2 23. Kxc2 Rd7 24. Qxc6 Kc8 25. Qa8#
{Black checkmated}
1-0

[Event "ICC tourney 3149 (60 10)"]
[Site "Internet Chess Club"]
[Date "2023.03.19"]
[Round "5"]
[White "BHOSALE, ARNAV:avbhosale"]
[Black "Garrow, Joshua:jgarrow4924"]
[Result "1-0"]
[ICCResult "Black resigns"]
[WhiteElo "914"]
[BlackElo "1079"]
[Opening "Sicilian: Nimzovich-Rossolimo attack (without ...d6)"]
[ECO "B30"]
[NIC "SI.31"]
[Time "14:00:10"]
[PlyCount "47"]
[TimeControl "3600+10"]

1. e4 c5 2. Nf3 Nc6 3. Bb5 e6 4. Bxc6 bxc6 5. Nc3 d5 6. exd5 cxd5 7. d4 Nf6
8. Bg5 cxd4 9. Qxd4 Be7 10. O-O O-O 11. Rad1 h6 12. Bf4 Ba6 13. Rfe1 Bd6 14.
Be5 Bxe5 15. Nxe5 Nd7 16. Nxd7 Qxd7 17. Re3 Rac8 18. b3 f6 19. Qg4 Rfd8 20.
Qd4 e5 21. Qxd5+ Qxd5 22. Nxd5 Rxc2 23. Ree1 Kf7 24. Nb4 {Black resigns} 1-0

[Event "ICC tourney 3149 (60 10)"]
[Site "Internet Chess Club"]
[Date "2023.03.19"]
[Round "5"]
[White "ENGTRO, GEIR:Gengeng"]
[Black "Bolme, Thomas Bradley:ThomasBradley75"]
[Result "1-0"]
[ICCResult "Black checkmated"]
[WhiteElo "850"]
[BlackElo "632"]
[Opening "King's Indian: 6.Be2"]
[ECO "E91"]
[NIC "KI.19"]
[Time "14:00:19"]
[PlyCount "63"]
[TimeControl "3600+10"]

1. d4 Nf6 2. c4 g6 3. Nf3 d6 4. Nc3 Bg7 5. e4 O-O 6. Be2 Nc6 7. d5 Na5 8. b4
b6 9. bxa5 bxa5 10. O-O Ba6 11. Re1 Nxe4 12. Nxe4 Bxa1 13. c5 Bxe2 14. Qxe2
dxc5 15. Rd1 Qd7 16. h3 Rab8 17. Ba3 Qa4 18. Bxc5 Qb5 19. Qxb5 Rxb5 20. Rxa1
Rd8 21. Rc1 Rxd5 22. Be3 Rd3 23. Rxc7 f5 24. Neg5 Rb1+ 25. Kh2 Rb2 26. Rxe7
Rxa2 27. Rxh7 a4 28. Bd4 Rxd4 29. Nxd4 Rxf2 30. Rxa7 Ra2 31. Nde6 a3 32.
Ra8# {Black checkmated} 1-0

[Event "ICC tourney 3149 (60 10)"]
[Site "Internet Chess Club"]
[Date "2023.03.19"]
[Round "5"]
[White "ZENG, CALEB:calebzeng"]
[Black "WILSON, DARRYL J:Combo4U2"]
[Result "1-0"]
[ICCResult "Black forfeits on time"]
[WhiteElo "999"]
[BlackElo "1252"]
[Opening "Scotch opening"]
[ECO "C44"]
[NIC "VO.05"]
[Time "14:05:48"]
[PlyCount "29"]
[TimeControl "3600+10"]

1. e4 Nc6 2. Nf3 e5 3. d4 d6 4. dxe5 Bg4 5. exd6 Bxd6 6. Nc3 Nf6 7. h3 Bxf3
8. Qxf3 Ne5 9. Qd1 O-O 10. Be3 Qe7 11. f4 Ng6 12. Qf3 Nh4 13. Qg3 Nh5 14.
Qg4 f5 15. Qxh5 {Black forfeits on time} 1-0